 Dungeon Sprint DCSS version 0.21.1-1-g345015f (webtiles) character file.

0 Psiloshibe the Skirmisher (level 3, -9/33 HPs)
             Began as a Barachi Berserker on June 10, 2018.
             Was a Follower of Trog.
             Mangled by Sigmund
             ... wielding a +2 scythe of venom
              (11 damage)
             ... in the Dungeon (Sprint VI: "Thunderdome").
             The game lasted 00:00:59 (43 turns).

Psiloshibe the Skirmisher (Barachi Berserker)         Turns: 43, Time: 00:00:59

Health: -9/33      AC:  0    Str: 24    XL:     3   Next: 4%
Magic:  0/13       EV: 13    Int:  7    God:    Trog [*.....]
Gold:   65         SH:  0    Dex: 16    Spells: 2/2 levels left

rFire    . . .     SeeInvis .   a - +0 falchion
rCold    x . .     Gourm    .   (no shield)
rNeg     + . .     Faith    .   (no armour)
rPois    .         Spirit   +   (no helmet)
rElec    .         Reflect  .   (no cloak)
rCorr    .         Harm     .   (no gloves)
MR       .....     NoTele   +   (no boots)
Stlth    +.........             p - amulet "Laococ" {Spirit Str+5 Dex-2}
HPRegen  0.11/turn              n - ring of Seixa {+Blink rC- rN+ Dex+2}
MPRegen  0.13/turn              o - ring of Kindness {MP+9 Dex+5}

@: lethally poisoned (-9 -> -24), berserk cooldown, slowed, very slow
A: +LOS, swims, slowness 1, strong legs 1
a: Hop, Berserk, Burn Spellbooks, Renounce Religion, Evoke Blink


You were in the Dungeon.
You worshipped Trog.
Trog was aware of your devotion.
You were not hungry.

You visited 1 branch You collected 200 gold pieces.
You spent 135 gold pieces at shops.

Inventory:

Hand Weapons
 a - a +0 falchion (weapon)
Armour
 r - a +0 scale mail
Jewellery
 n - the ring of Seixa (left hand) {+Blink rC- rN+ Dex+2}
   (You bought it in a shop in the Dungeon)

   [ring of positive energy]

   It affects your dexterity (+2).
   It makes you vulnerable to cold.
   It protects you from negative energy.
   It lets you blink.
 o - the ring of Kindness (right hand) {MP+9 Dex+5}
   (You bought it in a shop in the Dungeon)

   [ring of magical power]

   It affects your dexterity (+5).
   It affects your magic capacity (+9).
 p - the amulet "Laococ" (around neck) {Spirit Str+5 Dex-2}
   (You bought it in a shop in the Dungeon)

   [amulet of guardian spirit]

   It causes incoming damage to be split between your health and magic.
   It affects your strength (+5).
   It affects your dexterity (-2).
Wands
 k - a wand of acid (5)
 l - a wand of iceblast (5)
Scrolls
 i - 4 scrolls of blinking
 m - 3 scrolls of fog
Potions
 d - a potion of curing
 e - 4 potions of heal wounds
 f - 4 potions of haste
 g - 2 potions of magic
 h - a potion of berserk rage
 j - a potion of resistance
Comestibles
 c - a ration
 q - 3 chunks of flesh


   Skills:
 + Level 5.0 Fighting
 + Level 5.0 Long Blades
 * Level 2.0 Throwing
 + Level 3.0 Armour
 + Level 2.7 Dodging
 * Level 2.2 Evocations


You had 2 spell levels left.
You didn't know any spells.

Dungeon Overview and Level Annotations

Branches:
Dungeon (1/1)

Altars:
Fedhas
Gozag
Sif Muna
Trog
Uskayaw
Vehumet
Xom
Yredelemnul
Zin
The Shining One
Beogh
Jiyva

Shops:
D *[%???:(

Annotations:
D Sigmund


Innate Abilities, Weirdness & Mutations

Shadows flee at your approach. (+LOS)
You can swim through water.
You cover ground slowly.
You can hop short distances.


Message History

You finish taking off your +0 animal skin.
Drop what? 18/52 slots (_ for help) (? for menu, Esc to quit)
You drop a +0 animal skin.
Okay, then.
You hear some strange, mumbled words.
You are confused.
Something hits you!
You are poisoned.
You feel less confused.
You feel sick. Something barely misses you.
You feel sick. Something hits you!
You are lethally poisoned!
Something hits you!
* * * LOW HITPOINT WARNING * * *
* * * LOW HITPOINT WARNING * * *
You feel very sick.
Found Ruqiraetz's Magic Scroll Shop.
* * * LOW HITPOINT WARNING * * *
You feel sick. Something hits you!
You die...

##∩.....∩# #∩.......∩
#_......._ #........_
#_......._#
###.........###
#⌠...........⌠#
######.8.........8.##
##∩___...@..# ......
###∩........8.# .8....
##..........{..###......
#⌠..........###...#
#⌠......[...# #.<.#
#⌠..........# #...#
##.............###...
###∩........8.# .8....
##∩__.......# ......


There were no monsters in sight!

Vanquished Creatures
  Terence (D)
1 creature vanquished.

Notes
Turn   | Place    | Note
-------+----------+-------------------------------------------
     0 | D        | Psiloshibe the Barachi Berserker began the quest for the Orb.
     0 | D        | Reached XP level 1. HP: 18/18 MP: 1/1
     0 | D        | Found a bloodstained altar of Trog.
     0 | D        | Found a basalt altar of Yredelemnul.
     3 | D        | Found a glowing golden altar of the Shining One.
     3 | D        | Found a shimmering altar of Xom.
     4 | D        | Found a radiant altar of Vehumet.
     4 | D        | Found a deep blue altar of Sif Muna.
     5 | D        | Found a hide-covered altar of Uskayaw.
     5 | D        | Found a roughly hewn altar of Beogh.
     5 | D        | Round 1.
     6 | D        | Found Qusic's Delicious Food.
     6 | D        | Found a blossoming altar of Fedhas.
     6 | D        | Found Ycaeture's Identification Station.
     6 | D        | Found a viscous altar of Jiyva.
     7 | D        | Found Niviz's Jewellery.
     7 | D        | Found Uziaforr's Advanced Armour.
     7 | D        | Found an opulent altar of Gozag.
     7 | D        | Found a glowing silver altar of Zin.
    17 | D        | Noticed Terence
    17 | D        | Bought a clouded steel ring for 45 gold pieces
    17 | D        | Bought a fine wooden ring for 45 gold pieces
    17 | D        | Bought a brightly glowing copper amulet for 45 gold pieces
    17 | D        | Identified the amulet "Laococ" {Spirit Str+5 Dex-2} (You bought it in a shop in the Dungeon)
    18 | D        | Identified the ring of Seixa {+Blink rC- rN+ Dex+2} (You bought it in a shop in the Dungeon)
    19 | D        | Identified the ring of Kindness {MP+9 Dex+5} (You bought it in a shop in the Dungeon)
    26 | D        | Killed Terence
    26 | D        | Reached skill level 5 in Fighting
    26 | D        | Reached skill level 5 in Long Blades
    26 | D        | Reached XP level 2. HP: 27/27 MP: 0/3
    26 | D        | Reached XP level 3. HP: 33/33 MP: 0/4
    33 | D        | Noticed Sigmund
    42 | D        | Found Ruqiraetz's Magic Scroll Shop.
    43 | D        | Found Doiwn's Staff Store.
    43 | D        | Found Gajitw Alie's Magic Scroll Shop.
    43 | D        | Found Cyuka's Must-Have Magic.
    43 | D        | Mangled by Sigmund

Skill      XL: |  1 |
---------------+----+-----
Fighting       | 5 |  5.0
Long Blades    | 5 |  5.0
Throwing       | 2 |  2.0
Armour         | 3 |  3.0
Evocations     | 2 |  2.2
Dodging        | |  2.7

Action                   || total
-------------------------++-------
Melee: Falchion          ||     3
Invok: Berserk           ||     1
Armor: Animal skin       ||     1
Dodge: Dodged            ||     2
       Rpst.: Falchion   ||     1
